 Dungeon Crawl Stone Soup version 0.31-a0-175-g9f7f995f2b (webtiles) character file.

Game seed: 1132576462539575793

244 qw the Chopper (level 6, -2/38 HPs)
             Began as a Gargoyle Fighter on June 17, 2023.
             Slain by Pikel
             ... wielding a +1 whip of flaming
              (3 damage)
             ... on level 4 of the Dungeon.
             The game lasted 00:01:24 (2311 turns).

qw the Chopper (Gargoyle Fighter)                   Turns: 2311, Time: 00:01:25

Health: -2/38      AC: 15    Str: 21    XL:     6   Next: 10%
Magic:  6/6        EV:  5    Int:  9    God:
Gold:   133        SH:  4    Dex:  9    Spells: 5/5 levels left

rFire   . . .        Y - +1 war axe
rCold   . . .        c - +0 buckler
rNeg    + . .        j - +0 plate armour
rPois   inf          (no helmet)
rElec   +            (no cloak)
rCorr   .            (no gloves)
SInv    .            (no boots)
Will    .....        (no amulet) Stlth
                     (no ring)
HPRegen 0.26/turn    (no ring)
MPRegen 0.10/turn

%: no passive effects
@: no status effects
A: sickness immunity, AC +4, negative energy resistance 1, electricity
resistance, torment resistance 1, petrification resistance
a: no special abilities


You were on level 4 of the Dungeon.
You visited 1 branch of the dungeon, and saw 4 of its levels.

You collected 133 gold pieces.


Innate Abilities, Weirdness & Mutations

You are immune to sickness and miasma.
Your stone body is resilient. (AC +4)
You are immune to poison.
You resist negative energy. (rN+)
You are resistant to electric shocks. (rElec)
You are resistant to unholy torment.
You are immune to petrification.


   Skills:
 + Level 3.8 Fighting
 - Level 5.3 Axes
 - Level 0.5 Throwing
 - Level 3.2 Armour
 - Level 3.2 Shields


You had 5 spell levels left.
You didn't know any spells.
Your spell library was empty.

Inventory:

Hand Weapons
 e - a +0 flail
 Y - a +1 war axe (weapon)
Armour
 c - a +0 buckler (worn)
 j - a +0 plate armour (worn)
Jewellery
 b - an amulet of the acrobat
Scrolls
 g - a scroll of identify
Potions
 d - a potion of might
 f - a potion of curing
 h - a potion of mutation
 k - a potion of cancellation {unknown}

Dungeon Overview and Level Annotations

Branches:
Dungeon (4/15)
 Temple: D:4-7

Altars:

Shops:
D:2 =

Annotations:
D:4 Pikel


Message History

You barely miss the lemure.
The lemure is severely wounded.
You hit Pikel. Pikel hits you but does no damage.
The lemure hits you but does no damage.
You hit the lemure but do no damage.
The lemure is severely wounded.
You hit Pikel. The lemure hits you but does no damage.
Pikel says, "Hell isn't that bad."
Pikel closely misses you.
You barely miss the lemure.
The lemure is severely wounded.
You barely miss Pikel. The lemure hits you but does no damage.
You block Pikel's attack.
Pikel hits you with a +1 whip of flaming.
Pikel burns you. The lemure hits you but does no damage.
You barely miss the lemure.
The lemure is severely wounded.
You hit Pikel but do no damage.
Pikel hits you with a +1 whip of flaming.
Pikel burns you. The lemure barely misses you.
You hit the lemure but do no damage.
The lemure is heavily wounded.
You hit Pikel. Pikel hits you but does no damage.
The lemure completely misses you.
You slash the lemure!
You kill the lemure!
That felt strangely unrewarding.
You barely miss Pikel. Pikel hits you but does no damage.
You hit Pikel.
Pikel is moderately wounded.
Pikel hits you but does no damage.
You barely miss Pikel.
Pikel is moderately wounded.
Pikel hits you with a +1 whip of flaming!
Pikel burns you. Pikel hits you but does no damage.
You miss Pikel.
Pikel is moderately wounded.
Pikel hits you with a +1 whip of flaming.
You die...

.###.........
............##.........
.....#..##..##.#... ..
.....#..##...#.......
.....#......#.....#.
....%.......# .....
.......###..# #...# #
####.#.###..# #...# .#
#.#......# #.@K# ..#
#.#.####.# ##...#...##
#.#.# #.# ##........
#.#.####.#####.##.....
#...................##
###.####.#####.###.##
#.# #.# #.# #.# #.# #.#
### #.#


You could see Pikel.

Vanquished Creatures
  4 lemures (D:4)
  A phantom (D:3)
  Terence (D:3)
  7 adders
  A dart slug (D:2)
  3 orcs (D:3)
  2 endoplasms
  6 giant cockroaches
  8 goblins
  11 hobgoblins
  4 jackals (D:3)
  2 kobolds
  2 quokkas
  11 ball pythons
  4 bats
  4 frilled lizards
  4 rats
75 creatures vanquished.

Notes
Turn   | Place    | Note
-------+----------+-------------------------------------------
     0 | D:1      | qw the Gargoyle Fighter began the quest for the Orb.
     0 | D:1      | Reached XP level 1. HP: 14/14 MP: 1/1
     0 | D:1      | 0 ||| qw: Version: 0.3-a-2-g5ab2908
     0 | D:1      | 0 ||| qw: Game counter: 319
     0 | D:1      | 0 ||| qw: Always use a shield: true
     0 | D:1      | 0 ||| qw: God list: Okawaru
     0 | D:1      | 0 ||| qw: Allow faded altars: false
     0 | D:1      | 0 ||| qw: Do Orc after D:15 true
     0 | D:1      | 0 ||| qw: Do second Lair branch before Depths: true
     0 | D:1      | 0 ||| qw: Lair rune preference: random
     0 | D:1      | 0 ||| qw: Plans: Normal, Zot:1-4, Slime:5, God:TSO, Crypt,
                  | Tomb, Abyss, Pan, Hells, Win
     0 | D:1      | 0 ||| PLANNING D:1-11
    36 | D:1      | Reached skill level 2 in Axes
    77 | D:1      | Reached XP level 2. HP: 19/19 MP: 2/2
   174 | D:1      | 174 ||| Stepping ~*~*~tactically~*~*~ (stealth).
   175 | D:1      | 175 ||| Stepping ~*~*~tactically~*~*~ (stealth).
   269 | D:1      | Reached skill level 3 in Axes
   332 | D:1      | Reached XP level 3. HP: 23/23 MP: 3/3
   656 | D:1      | 656 ||| UPGRADING to +0 plate armour.
   666 | D:1      | 666 ||| DROPPING +0 scale mail.
   667 | D:1      | 667 ||| READING scroll labelled TUAFFUDENE.
   668 | D:1      | 668 ||| READING scroll labelled MISELU BOXT.
   669 | D:1      | 669 ||| READING scroll labelled VAQAZX UNIEZ.
  1033 | D:2      | 1033 ||| Stepping ~*~*~tactically~*~*~ (stealth).
  1034 | D:2      | 1034 ||| Stepping ~*~*~tactically~*~*~ (stealth).
  1038 | D:2      | Reached XP level 4. HP: 28/28 MP: 4/4
  1040 | D:2      | 1040 ||| Stepping ~*~*~tactically~*~*~ (stealth).
  1042 | D:2      | 1042 ||| Stepping ~*~*~tactically~*~*~ (hiding).
  1044 | D:2      | 1044 ||| Stepping ~*~*~tactically~*~*~ (hiding).
  1064 | D:2      | Found Biahubiu's Jewellery Shop.
  1067 | D:2      | 1067 ||| SHOPLISTING +5 ring of evasion (432 gold, have
                  | 90).
  1067 | D:2      | 1067 ||| SHOPLISTING amulet of faith (480 gold, have 90).
  1067 | D:2      | 1067 ||| SHOPLISTING ring "Ihoicus" {rF++ rN+ Will++ Int+6}
                  | (944 gold, have 90).
  1067 | D:2      | 1067 ||| SHOPLISTING ring of fire (300 gold, have 90).
  1067 | D:2      | 1067 ||| SHOPLISTING ring of protection from fire (300
                  | gold, have 90).
  1067 | D:2      | 1067 ||| SHOPLISTING ring of resist corrosion (240 gold,
                  | have 90).
  1281 | D:2      | 1281 ||| DROPPING +0 club.
  1288 | D:2      | Reached skill level 4 in Axes
  1326 | D:2      | 1326 ||| DRINKING 2 sedimented inky potions.
  1327 | D:2      | 1327 ||| DRINKING 2 blue potions.
  1335 | D:2      | 1335 ||| DROPPING potion of ambrosia.
  1431 | D:3      | Noticed Terence
  1446 | D:3      | Killed Terence
  1552 | D:3      | Reached XP level 5. HP: 30/32 MP: 5/5
  1559 | D:3      | 1559 ||| DRINKING 2 cyan potions.
  1560 | D:3      | 1560 ||| DROPPING potion of invisibility.
  1566 | D:3      | 1566 ||| Stepping ~*~*~tactically~*~*~ (stealth).
  1574 | D:3      | 1574 ||| DROPPING +0 whip.
  1640 | D:3      | Noticed a phantom
  1652 | D:3      | Killed a phantom
  1653 | D:3      | Reached skill level 5 in Axes
  2124 | D:3      | Reached XP level 6. HP: 38/38 MP: 6/6
  2190 | D:3      | 2190 ||| READING scroll labelled HUAHIRGHEMAAPH.
  2191 | D:3      | 2191 ||| READING 3 scrolls of identify.
  2191 | D:3      | 2191 ||| IDENTIFYING fizzy green potion
  2192 | D:3      | 2192 ||| READING 2 scrolls of identify.
  2192 | D:3      | 2192 ||| IDENTIFYING emerald potion
  2193 | D:3      | 2193 ||| DROPPING potion of degeneration.
  2237 | D:4      | 2237 ||| Stepping ~*~*~tactically~*~*~ (stealth).
  2238 | D:4      | 2238 ||| Stepping ~*~*~tactically~*~*~ (stealth).
  2295 | D:4      | Noticed Pikel
  2297 | D:4      | HP: 8/38 [lemure[Pikel] (4)]
  2298 | D:4      | 2298 ||| DRINKING potion of heal wounds.
  2310 | D:4      | HP: 4/38 [Pikel/+1 whip of flaming (9)]
  2310 | D:4      | HP: 1/38 [Pikel/+1 whip of flaming (3)]
  2311 | D:4      | Slain by Pikel

Levels and vault maps discovered:
D:1:      nicolae_arrival_memento_mori, layout_basic
D:2:      layout_basic, serial_shops, nicolae_shop_behind_doors
D:3:      layout_loops_ring, minmay_misc_feat_alley, minmay_strange_pillars,
          uniq_terence
D:4:      layout_basic, minmay_temple_entry_trees, uniq_grinder, uniq_duvessa,
          uniq_pikel

Skill      XL: |  1  2  3  4  5 |
---------------+----------------+-----
Axes           | 2 3 4 5 |  5.3
Fighting       | |  3.8
Throwing       | |  0.5
Armour         | |  3.2
Shields        | |  3.2

Action                     |  1- 3 |  4- 6 || total
---------------------------+-------+-------++-------
  Melee: War axe           |   108 |   132 ||   240
  Throw: Boomerang         |     9 |    23 ||    32
    Use: Scroll            |     3 |     3 ||     6
         Potion            |       |     4 ||     4
   Stab: Invisible         |       |     1 ||     1
 Armour: Scale mail        |    54 |       ||    54
         Plate armour      |    14 |   112 ||   126
  Dodge: Dodged            |    55 |    31 ||    86
  Block: Buckler           |    23 |    25 ||    48

Table legend:
 A = Non-vault XP
 B = Vault XP
 C = Vault XP percentage of total XP
 D = Non-vault monster count
 E = Vault monster count
 F = Vault count percentage of total count
                 A         B        C        D         E       F
            +---------+---------+-------+---------+---------+-------
      Total |     311 |      38 |  10.9 |      70 |       1 |   1.4
            +---------+---------+-------+---------+---------+-------
        D:1 |      45 |       0 |   0.0 |      27 |       0 |   0.0
        D:2 |      55 |       0 |   0.0 |      17 |       0 |   0.0
        D:3 |     193 |      38 |  16.5 |      23 |       1 |   4.2
        D:4 |      18 |       0 |   0.0 |       3 |       0 |   0.0
            +---------+---------+-------+---------+---------+-------
